[ AOE2 MATCH · #495814465 ]
UnrankedAztecs vs Khmer
Player's team · WIN
Rival team · LOSS
[ REPLAY ANALYSIS · EXTRACTED FROM THE RECORDED GAME ]
Feudal
9:33
Castle
23:11
Imperial
41:27
| APM avg | 48.4 |
| APM peak | 93 |
| eAPM avg | 21.7 |
| Villagers / military | 130 / 173 |
Focus
⚔️ 41.6% · 🌾 58.4%
Eagle Scout ×140 · Archer ×12 · Militia ×7 · Trebuchet (Packed) ×6 · Monk ×4 · Jaguar Warrior ×4
Feudal
10:03
Castle
21:47
Imperial
45:04
| APM avg | 45.9 |
| APM peak | 73 |
| eAPM avg | 23.0 |
| Villagers / military | 131 / 141 |
Focus
⚔️ 27.3% · 🌾 72.7%
Militia ×70 · Ballista Elephant ×35 · Skirmisher ×23 · Archer ×9 · Spearman ×2 · Trebuchet (Packed) ×2
Match map
Initial resources + every placement click. Lines = walls · curves = elevation contours. ◆ gold · ⬟ stone · ● berries · ✦ relic · ◌ wall gap
Your base· Open — 5t gap
BilbooDEMON's base· Open — 9t gap
Smoothed initial terrain · ◌ = detected wall gap · hover for details
Inputs per minute
— Rentar9 - - BilbooDEMON
Build order — Rentar9
First 150 of 464 actions detected
| 0:05 | Build | Town Center |
| 1:07 | Queue | Villager (Male) |
| 1:08 | Queue | Villager (Male) |
| 1:08 | Queue | Villager (Male) |
| 1:16 | Queue | Villager (Male) |
| 1:16 | Queue | Villager (Male) |
| 1:53 | Queue | Villager (Male) |
| 1:54 | Queue | Villager (Male) |
| 2:15 | Queue | Villager (Male) |
| 2:15 | Queue | Villager (Male) |
| 2:51 | Build | Lumber Camp |
| 2:55 | Queue | Villager (Male) |
| 3:02 | Queue | Villager (Male) |
| 3:29 | Queue | Villager (Male) |
| 3:41 | Queue | Villager (Male) |
| 3:47 | Build | Mill |
| 4:43 | Queue | Villager (Male) |
| 4:46 | Queue | Villager (Male) |
| 4:55 | Queue | Villager (Male) |
| 4:57 | Queue | Villager (Male) |
| 5:09 | Queue | Villager (Male) |
| 6:07 | Queue | Villager (Male) |
| 6:20 | Research | Loom |
| 6:46 | Research | Feudal Age |
| 7:43 | Build | Barracks |
| 7:45 | Build | House |
| 7:52 | Build | House |
| 7:55 | Queue | Villager (Male) |
| 9:17 | Queue | Villager (Male) |
| 9:26 | Build | Barracks |
| 9:27 | Build | Palisade Wall |
| 9:29 | Queue | Villager (Male) |
| 9:33 | Age | Feudal Age |
| 9:36 | Queue | Villager (Male) |
| 9:40 | Queue | Eagle Scout |
| 9:46 | Build | Mining Camp |
| 9:49 | Research | Double-Bit Axe |
| 9:50 | Research | Horse Collar |
| 10:05 | Queue | Eagle Scout |
| 10:16 | Queue | Villager (Male) |
| 10:21 | Build | Blacksmith |
| 10:44 | Build | Palisade Wall |
| 10:48 | Queue | Villager (Male) |
| 10:54 | Build | House |
| 10:59 | Build | House |
| 11:01 | Build | Palisade Wall |
| 11:09 | Queue | Villager (Male) |
| 11:15 | Queue | Eagle Scout |
| 11:17 | Queue | Villager (Male) |
| 11:42 | Queue | Villager (Male) |
| 11:54 | Research | Scale Mail Armor |
| 11:55 | Queue | Eagle Scout |
| 12:03 | Queue | Villager (Male) |
| 12:05 | Build | Archery Range |
| 12:13 | Queue | Villager (Male) |
| 12:23 | Build | House |
| 12:28 | Queue | Eagle Scout |
| 12:44 | Queue | Villager (Male) |
| 12:54 | Research | Fletching |
| 13:06 | Queue | Villager (Male) |
| 13:16 | Queue | Archer |
| 13:40 | Queue | Archer |
| 13:47 | Queue | Militia |
| 13:56 | Queue | Eagle Scout |
| 13:57 | Queue | Militia |
| 14:01 | Queue | Villager (Male) |
| 14:16 | Queue | Eagle Scout |
| 14:25 | Queue | Villager (Male) |
| 14:28 | Queue | Archer |
| 14:29 | Queue | Eagle Scout |
| 14:52 | Queue | Villager (Male) |
| 15:13 | Queue | Villager (Male) |
| 15:13 | Queue | Villager (Male) |
| 15:14 | Build | House |
| 15:22 | Queue | Eagle Scout |
| 15:22 | Queue | Eagle Scout |
| 15:24 | Queue | Archer |
| 15:32 | Queue | Villager (Male) |
| 15:32 | Queue | Villager (Male) |
| 15:33 | Build | Farm |
| 15:36 | Build | Farm |
| 15:37 | Build | Farm |
| 15:42 | Queue | Eagle Scout |
| 15:42 | Queue | Eagle Scout |
| 15:46 | Build | House |
| 15:48 | Build | Palisade Wall |
| 15:54 | Queue | Villager (Male) |
| 15:58 | Build | Farm |
| 16:01 | Build | Farm |
| 16:03 | Build | Farm |
| 16:07 | Queue | Archer |
| 16:11 | Build | House |
| 16:20 | Queue | Eagle Scout |
| 16:29 | Build | Farm |
| 16:30 | Build | Farm |
| 16:34 | Build | Farm |
| 16:37 | Build | House |
| 16:38 | Build | House |
| 16:47 | Queue | Eagle Scout |
| 16:47 | Queue | Eagle Scout |
| 16:56 | Build | House |
| 16:57 | Build | Palisade Wall |
| 16:59 | Queue | Militia |
| 17:05 | Queue | Archer |
| 17:10 | Build | Farm |
| 17:11 | Queue | Villager (Male) |
| 17:12 | Build | Farm |
| 17:20 | Queue | Eagle Scout |
| 17:31 | Queue | Militia |
| 17:32 | Queue | Villager (Male) |
| 17:51 | Queue | Militia |
| 18:01 | Queue | Eagle Scout |
| 18:02 | Queue | Eagle Scout |
| 18:06 | Queue | Archer |
| 18:10 | Build | House |
| 18:12 | Build | House |
| 18:16 | Queue | Militia |
| 18:22 | Build | Farm |
| 18:26 | Build | Farm |
| 18:27 | Build | Farm |
| 18:28 | Queue | Villager (Male) |
| 18:35 | Queue | Eagle Scout |
| 18:35 | Queue | Eagle Scout |
| 18:47 | Queue | Archer |
| 18:56 | Queue | Villager (Male) |
| 18:56 | Queue | Villager (Male) |
| 19:00 | Build | Farm |
| 19:03 | Build | Farm |
| 19:09 | Queue | Eagle Scout |
| 19:11 | Queue | Villager (Male) |
| 19:19 | Queue | Villager (Male) |
| 19:23 | Queue | Villager (Male) |
| 19:23 | Queue | Villager (Male) |
| 19:26 | Build | Mining Camp |
| 19:29 | Queue | Villager (Male) |
| 19:31 | Queue | Villager (Male) |
| 19:33 | Queue | Eagle Scout |
| 19:34 | Queue | Eagle Scout |
| 19:50 | Research | Arson |
| 19:55 | Queue | Villager (Male) |
| 20:15 | Build | Farm |
| 20:17 | Build | Farm |
| 20:20 | Research | Castle Age |
| 20:27 | Queue | Eagle Scout |
| 20:34 | Queue | Eagle Scout |
| 20:44 | Build | Farm |
| 20:47 | Queue | Eagle Scout |
| 20:57 | Build | House |
| 21:02 | Queue | Eagle Scout |
| 21:29 | Queue | Eagle Scout |
Build order — BilbooDEMON
First 150 of 406 actions detected
| 0:02 | Build | Town Center |
| 1:05 | Queue | Villager (Male) |
| 1:05 | Queue | Villager (Male) |
| 1:05 | Queue | Villager (Male) |
| 1:05 | Queue | Villager (Male) |
| 1:37 | Build | Lumber Camp |
| 1:41 | Queue | Villager (Male) |
| 2:21 | Queue | Villager (Male) |
| 2:49 | Queue | Villager (Male) |
| 3:03 | Queue | Villager (Male) |
| 3:40 | Queue | Villager (Male) |
| 4:07 | Build | House |
| 4:11 | Build | Mill |
| 4:22 | Queue | Villager (Male) |
| 5:03 | Queue | Villager (Male) |
| 5:07 | Queue | Villager (Male) |
| 5:07 | Queue | Villager (Male) |
| 5:29 | Queue | Villager (Male) |
| 5:30 | Queue | Villager (Male) |
| 5:59 | Queue | Villager (Male) |
| 6:37 | Research | Loom |
| 6:54 | Build | Barracks |
| 6:56 | Build | House |
| 7:22 | Build | Farm |
| 7:27 | Build | Farm |
| 7:53 | Research | Feudal Age |
| 8:01 | Queue | Villager (Male) |
| 8:02 | Queue | Villager (Male) |
| 8:13 | Queue | Militia |
| 8:13 | Queue | Militia |
| 8:23 | Queue | Militia |
| 8:27 | Build | House |
| 8:41 | Queue | Villager (Male) |
| 8:45 | Queue | Militia |
| 9:10 | Queue | Villager (Male) |
| 9:28 | Queue | Militia |
| 9:33 | Build | House |
| 10:03 | Age | Feudal Age |
| 10:05 | Build | Archery Range |
| 10:10 | Build | Blacksmith |
| 10:13 | Research | Man-at-Arms (upgrade) |
| 10:13 | Queue | Militia |
| 10:13 | Queue | Militia |
| 10:18 | Queue | Villager (Male) |
| 10:32 | Research | Double-Bit Axe |
| 11:07 | Queue | Militia |
| 11:10 | Queue | Villager (Male) |
| 11:11 | Queue | Villager (Male) |
| 11:22 | Queue | Militia |
| 11:40 | Queue | Militia |
| 11:48 | Build | House |
| 11:50 | Build | House |
| 11:55 | Queue | Militia |
| 12:00 | Queue | Archer |
| 12:03 | Queue | Skirmisher |
| 12:14 | Queue | Villager (Male) |
| 12:14 | Queue | Villager (Male) |
| 12:19 | Build | Farm |
| 12:20 | Build | Farm |
| 12:34 | Queue | Archer |
| 12:51 | Queue | Militia |
| 12:53 | Queue | Villager (Male) |
| 13:19 | Build | House |
| 13:24 | Build | House |
| 13:26 | Build | House |
| 13:34 | Queue | Militia |
| 13:39 | Queue | Archer |
| 14:03 | Queue | Militia |
| 14:16 | Queue | Villager (Male) |
| 14:17 | Queue | Villager (Male) |
| 14:22 | Queue | Skirmisher |
| 14:23 | Queue | Skirmisher |
| 14:25 | Queue | Militia |
| 14:57 | Queue | Archer |
| 14:58 | Queue | Skirmisher |
| 14:59 | Queue | Skirmisher |
| 15:01 | Queue | Villager (Male) |
| 15:06 | Build | Market |
| 15:21 | Research | Fletching |
| 15:22 | Queue | Villager (Male) |
| 15:30 | Queue | Archer |
| 15:38 | Queue | Militia |
| 15:38 | Queue | Militia |
| 15:40 | Queue | Skirmisher |
| 15:42 | Queue | Villager (Male) |
| 15:52 | Build | Farm |
| 15:52 | Build | Farm |
| 15:59 | Queue | Archer |
| 16:11 | Build | Farm |
| 16:19 | Build | Farm |
| 16:19 | Build | Farm |
| 16:21 | Build | Farm |
| 16:24 | Build | Farm |
| 16:25 | Queue | Villager (Male) |
| 16:26 | Queue | Villager (Male) |
| 16:32 | Queue | Militia |
| 16:32 | Queue | Militia |
| 16:53 | Queue | Villager (Male) |
| 16:58 | Build | House |
| 16:59 | Build | House |
| 18:03 | Queue | Militia |
| 18:04 | Queue | Militia |
| 18:04 | Queue | Villager (Male) |
| 18:07 | Build | Farm |
| 18:12 | Build | Farm |
| 18:31 | Queue | Villager (Male) |
| 18:41 | Build | Mining Camp |
| 18:47 | Build | House |
| 18:55 | Queue | Skirmisher |
| 18:55 | Queue | Skirmisher |
| 18:57 | Queue | Villager (Male) |
| 19:07 | Research | Castle Age |
| 19:18 | Queue | Militia |
| 19:31 | Build | Stone Wall |
| 19:37 | Build | Gate |
| 19:46 | Queue | Archer |
| 19:48 | Queue | Militia |
| 19:54 | Research | Stone Mining |
| 20:09 | Research | Horse Collar |
| 20:09 | Research | Horse Collar |
| 20:17 | Build | Mill |
| 20:40 | Queue | Villager (Male) |
| 20:41 | Queue | Villager (Male) |
| 20:54 | Queue | Villager (Male) |
| 21:05 | Queue | Skirmisher |
| 21:14 | Queue | Archer |
| 21:32 | Queue | Militia |
| 21:47 | Build | Stone Wall |
| 21:47 | Age | Castle Age |
| 21:52 | Queue | Militia |
| 22:12 | Build | Town Center |
| 22:25 | Queue | Villager (Male) |
| 22:30 | Research | Bow Saw |
| 22:34 | Queue | Villager (Male) |
| 22:44 | Build | Stone Wall |
| 23:20 | Build | Farm |
| 23:22 | Queue | Villager (Male) |
| 23:24 | Build | Lumber Camp |
| 23:42 | Build | House |
| 23:47 | Queue | Skirmisher |
| 23:49 | Queue | Skirmisher |
| 23:52 | Queue | Militia |
| 23:54 | Research | Long Swordsman (upgrade) |
| 23:57 | Queue | Militia |
| 24:13 | Build | Barracks |
| 24:24 | Queue | Militia |
| 24:31 | Build | Stone Wall |
| 24:38 | Build | Stone Wall |
| 24:40 | Queue | Villager (Male) |
| 24:41 | Queue | Villager (Male) |
Match timeline
| 6:54 | BilbooDEMON · first_building Barracks |
| 7:43 | Rentar9 · first_building Barracks |
| 9:27 | Rentar9 · wall_segment Palisade Wall x1 |
| 9:33 | Rentar9 · age_up feudal |
| 10:03 | BilbooDEMON · age_up feudal |
| 10:05 | BilbooDEMON · first_building Archery Range |
| 10:44 | Rentar9 · wall_segment Palisade Wall x1 |
| 11:01 | Rentar9 · wall_segment Palisade Wall x1 |
| 12:05 | Rentar9 · first_building Archery Range |
| 15:48 | Rentar9 · wall_segment Palisade Wall x1 |
| 16:57 | Rentar9 · wall_segment Palisade Wall x1 |
| 19:04 | BilbooDEMON · first_market_buy 100 food |
| 19:31 | BilbooDEMON · wall_segment Stone Wall x9 |
| 21:47 | BilbooDEMON · wall_segment Stone Wall x8 |
| 21:47 | BilbooDEMON · age_up castle |
| 22:44 | BilbooDEMON · wall_segment Stone Wall x7 |
| 23:11 | Rentar9 · age_up castle |
| 24:31 | BilbooDEMON · wall_segment Stone Wall x1 |
| 24:38 | BilbooDEMON · wall_segment Stone Wall x8 |
| 25:09 | BilbooDEMON · first_building Castle |
| 27:43 | BilbooDEMON · first_market_sell 100 wood |
| 29:07 | Rentar9 · first_building Monastery |
| 33:51 | BilbooDEMON · first_building Siege Workshop |
| 34:42 | Rentar9 · first_market_sell 500 food |
| 35:48 | Rentar9 · first_building Castle |
| 41:27 | Rentar9 · age_up imperial |
| 45:04 | BilbooDEMON · age_up imperial |
| 45:44 | BilbooDEMON · resign |
[ AI ANALYSIS · 1 CREDIT ]
What really happened in this match?
Wolo.gg analyzes every decision: build order, eco, micro, common mistakes by bracket. Personalized analysis on WhatsApp or Discord in 30 seconds.
Civ guide
Aztecs
Perfil
Jugador #315941